 Dungeon Crawl Stone Soup version 0.21.1-1-g345015f (console) character file.

46 Homage the Changer (level 3, -1/26 HPs)
             Began as a Merfolk Transmuter on July 1, 2018.
             Slain by an adder (3 damage)
             ... on level 2 of the Dungeon.
             The game lasted 00:04:03 (1762 turns).

Homage the Changer (Merfolk Transmuter)             Turns: 1762, Time: 00:04:05

Health: -1/26      AC:  2    Str: 10    XL:     3   Next: 66%
Magic:  5/6        EV: 13    Int: 13    God:
Gold:   94         SH:  0    Dex: 14    Spells: 0/6 levels left

rFire    . . .     SeeInvis .     - Unarmed
rCold    . . .     Gourm    .   (no shield)
rNeg     . . .     Faith    .   b - +0 robe
rPois    .         Spirit   .   (no helmet)
rElec    .         Reflect  .   (no cloak)
rCorr    .         Harm     .   (no gloves)
MR       .....                  (no boots)
Stlth    +.........             k - amulet of magic regeneration
HPRegen  0.08/turn              (no ring)
MPRegen  0.35/turn              (no ring)

@: lethally poisoned (-1 -> -20), appendage, invisible
A: change form in water, swift swim, stealthy swim, horns 2
a: End Transformation


You were on level 2 of the Dungeon.
You were not hungry.
You had grown temporary horns.
You visited 1 branch of the dungeon, and saw 2 of its levels.

You collected 94 gold pieces.


Innate Abilities, Weirdness & Mutations

You revert to your normal form in water.
You are very nimble and swift while swimming.
You are very stealthy in the water. (Stealth+)
You have a pair of horns on your head.


   Skills:
 - Level 1.1 Fighting
 + Level 2.6 Dodging
 - Level 4.0 Unarmed Combat
 - Level 2.0 Spellcasting
 - Level 4.1 Transmutations
 - Level 1.0 Poison Magic


You couldn't memorise any spells.
You knew the following spells:

 Your Spells              Type           Power        Failure   Level  Hunger
a - Beastly Appendage     Tmut           ##....       4%          1    ##.....
b - Spider Form           Tmut/Pois      #.........   26%         3    ####...
Z - Sticks to Snakes      Tmut           ##......     7%          2    ###....

Inventory:

Missiles
 a - 8 arrows
Armour
 b - a +0 robe (worn)
Jewellery
 k - an amulet of magic regeneration (around neck)
Scrolls
 e - a scroll of fog {unknown}
 g - 2 scrolls of teleportation {unknown}
 h - a scroll of random uselessness {unknown}
 i - a scroll of amnesia {unknown}
 j - a scroll of enchant weapon {unknown}
Books
 c - a book of Changes

   Spells                             Type                      Level
   a - Beastly Appendage              Transmutation                1
   b - Sticks to Snakes               Transmutation                2
   c - Spider Form                    Transmutation/Poison         3
   d - Ice Form                       Ice/Transmutation            4
   e - Blade Hands                    Transmutation                5
Comestibles
 d - 3 rations


Message History

The adder is almost dead.
The adder closely misses you.
You miss the adder.
The adder is almost dead.
You feel sick. The adder closely misses you.
You hit the adder but do no damage.
The adder is almost dead.
The adder bites you.
* * * LOW HITPOINT WARNING * * *
You are more poisoned.
The adder poisons you!
All of the chunks of flesh in your inventory have rotted away.
It was a potion of invisibility.
You fade into invisibility!
* * * LOW HITPOINT WARNING * * *
You feel sick. The adder bites you.
* * * LOW HITPOINT WARNING * * *
You are more poisoned.
The adder poisons you! The adder bites you.
You die...

...#
#.......######.###
##[#
#.......##.......#
##.#
#.......##.....#.#
...#
#.......##.....#.#
####
#.......##.....#.#
# #.....# #.....#.#
# #.#...##
##......# #
##..#...#####.#####
#####....."..wsS@.#
............#######
#####......##
##.....# ####.##
#.# #w# #.# #.#


You could see a worm, an adder and a giant cockroach.

Vanquished Creatures
  An adder (D:2)
  2 oozes (D:2)
  3 leopard geckos
  A ball python (D:1)
  2 giant cockroaches (D:1)
  3 goblins
  3 hobgoblins (D:1)
  2 jackals (D:1)
  A kobold (D:1)
  A bat (D:1)
  2 frilled lizards
  3 rats (D:1)
24 creatures vanquished.

Notes
Turn   | Place    | Note
-------+----------+-------------------------------------------
     0 | D:1      | Homage the Merfolk Transmuter began the quest for the Orb.
     0 | D:1      | Reached XP level 1. HP: 15/15 MP: 3/3
   350 | D:1      | Reached XP level 2. HP: 18/21 MP: 3/5
   765 | D:1      | Reached skill level 3 in Transmutations
  1101 | D:1      | You fall through a shaft!
  1148 | D:2      | Reached XP level 3. HP: 13/26 MP: 6/6
  1152 | D:2      | Learned a level 2 spell: Sticks to Snakes
  1156 | D:2      | Learned a level 3 spell: Spider Form
  1636 | D:2      | Reached skill level 1 in Poison Magic
  1761 | D:2      | HP: 5/26 [adder (2)]
  1762 | D:2      | HP: 2/26 [adder (2)]
  1762 | D:2      | Slain by an adder

Vault maps used:
D:1:      grunt_arrival_lava_bath, tso_metal_star
D:2:      yredelemnul_forgotten_temple_becter

Action                   || total
-------------------------++-------
Melee: Unarmed           ||   123
       Headbutt          ||     4
 Cast: Beastly Appendage ||    11
       Sticks to Snakes  ||     4
  Use: Potion            ||     1
 Stab: Sleeping          ||     2
  Eat: Chunk             ||     5
Armor: Robe              ||    21
Dodge: Dodged            ||    77
